 Dungeon Crawl Stone Soup version 0.30-b1-2-g02819fbbbe (webtiles) character file.

Game seed: 17205079614613146337

27274 Borgoz the Carver (level 13, -64/84 HPs)
             Began as a Gargoyle Berserker on June 16, 2023.
             Was the Champion of Trog.
             Annihilated by a titanic slime creature (68 damage)
             ... on level 13 of the Dungeon.
             The game lasted 00:33:46 (12861 turns).

Borgoz the Carver (Gargoyle Berserker)             Turns: 12861, Time: 00:33:46

Health: -64/84     AC: 35    Str: 22    XL:     13   Next: 31%
Magic:  13/13      EV: 15    Int: 10    God:    Trog [******]
Gold:   374        SH: 11    Dex: 19    Spells: 12/12 levels left

rFire   + . .        b - +8 long sword "Yblen" {freeze, rC+++ rN+ Stlth-}
rCold   + + +        m - +2 buckler
rNeg    + + .        M - +7 plate armour {rF+}
rPois   ∞            U - +2 hat
rElec   +            (no cloak)
rCorr   +            (no gloves)
SInv    +            F - +2 pair of slick slippers {slick, slippery, EV+4}
Will    .....        g - amulet of reflection Stlth
                     h - +6 ring of dexterity
HPRegen 0.00/turn    c - ring "Recuu" {rCorr Dex+2 SInv}
MPRegen 0.13/turn

%: reflection
@: on berserk cooldown, inhibited regen, hasted and slowed
A: sickness immunity, AC +9, negative energy resistance 1, electricity
resistance, torment resistance 1, petrification resistance, inhibited
regeneration
a: Renounce Religion, Berserk, Trog's Hand, Brothers in Arms


You were on level 13 of the Dungeon.
You worshipped Trog.
Trog was exalted by your worship.
You visited 2 branches of the dungeon, and saw 14 of its levels.
You also visited: Sewer.

You collected 1492 gold pieces.
You spent 1118 gold pieces at shops.

Inventory:

Hand Weapons
 a - a +2 scimitar of flaming
 b - the +8 long sword "Yblen" (weapon) {freeze, rC+++ rN+ Stlth-}
   (You found it on level 3 of the Dungeon)

   rC:        It renders you almost immune to cold.
   rN:        It protects you from negative energy.
   Stlth:     It makes you less stealthy.
 A - a +3 great sword
 W - a +2 antimagic double sword
Missiles
 p - 3 throwing nets (quivered)
 I - 28 poisoned darts
Armour
 m - a +2 buckler (worn)
 C - a +1 helmet of see invisible
 D - the +5 chain mail "Pibbi" {Rampage Dex+5}
   (You found it on level 6 of the Dungeon)

   Dex:       It affects your dexterity (+5).
   Rampage:   It bestows one free step when moving towards enemies.
 F - the +2 pair of slick slippers (worn) {slick, slippery, EV+4}
   (You bought it in a shop on level 10 of the Dungeon)

   Slick:     Its wearer cannot be constricted, engulfed, netted or webbed.
   Slippery:  Its wearer slips away from damaging melee attacks, pulling the
   attacker onward.
   EV:        It affects your evasion (+4).
 K - a +3 scale mail of cold resistance
 L - the +7 plate armour "Rerchoitt" {Int+2 Stlth+}
   (You found it on level 7 of the Dungeon)

   Int:       It affects your intelligence (+2).
   Stlth:     It makes you more stealthy.
 M - a +7 plate armour of fire resistance (worn)
 Q - a +1 scale mail of willpower
 U - a +2 hat (worn)
Jewellery
 c - the ring "Recuu" (right hand) {rCorr Dex+2 SInv}
   (You bought it in a shop on level 4 of the Dungeon)

   [ring of resist corrosion]

   Dex:       It affects your dexterity (+2).
   SInv:      It lets you see invisible.
   rCorr:     It protects you from acid and corrosion.
 g - an amulet of reflection (around neck)
 h - a +6 ring of dexterity (left hand)
 n - an amulet of the acrobat
 o - a +4 ring of protection
 R - a ring of magical power
 S - a +6 ring of intelligence
Wands
 v - a wand of charming (10)
 z - a wand of flame (53)
 G - a wand of polymorph (5)
 H - a wand of digging (5)
 O - a wand of iceblast (9)
 T - a wand of mindburst (3)
Scrolls
 f - 6 scrolls of teleportation
 l - 3 scrolls of fear
 r - 3 scrolls of enchant armour
 s - a scroll of magic mapping
 u - 6 scrolls of poison
 y - 2 scrolls of fog
 B - 4 scrolls of enchant weapon
 J - 2 scrolls of blinking
 N - 5 scrolls of identify
 V - a scroll of brand weapon {unknown}
Potions
 d - 2 potions of berserk rage
 e - a potion of haste
 i - a potion of attraction
 j - 2 potions of curing
 k - 3 potions of might
 q - 3 potions of invisibility
 t - 5 potions of mutation
 w - 4 potions of heal wounds
 x - 8 potions of flight
 E - 2 potions of resistance
 P - 3 potions of ambrosia


   Skills:
 + Level 11.5 Fighting
 * Level 12.6 Long Blades
 - Level 4.2 Maces & Flails
 + Level 11.1 Armour
 + Level 8.5 Dodging
 - Level 3.0 Stealth


You had 12 spell levels left.
You didn't know any spells.
Your spell library was empty.

Dungeon Overview and Level Annotations

Branches:
Dungeon (13/15)            Temple (1/1) D:6            Lair (0/5) D:8
    Orc (0/2) D:10          Sewer (visited)
 Vaults: D:13-14

Altars:
Ashenzari
Cheibriados
Dithmenos
Elyvilon
Fedhas
Gozag
Hepliaklqana
Kikubaaqudgha
Makhleb
Nemelex Xobeh
Okawaru
Qazlal
Ru
Sif Muna
Trog
Uskayaw
Vehumet
Wu Jian
Xom
Yredelemnul
Zin
The Shining One

Shops:
D:4 =?   D:6 (   D:9 ?   D:10 [(


Innate Abilities, Weirdness & Mutations

You are immune to sickness and miasma.
Your stone body is resilient. (AC +9)
You are immune to poison.
You resist negative energy. (rN+)
You are resistant to electric shocks. (rElec)
You are resistant to unholy torment.
You are immune to petrification.
You do not regenerate when monsters are visible.


Message History

You are no longer berserk.
You are exhausted.
You feel yourself slow down.
You see here a troll corpse.
You see here a tin of tremorstones (2/2).
A slime creature comes into view.
The slime creature quivers.
You slash the slime creature! You freeze the slime creature.
The slime creature is moderately wounded.
The slime creature closely misses you.
A slime creature comes into view.
You slash the slime creature! You freeze the slime creature.
The slime creature is heavily wounded.
The slime creature misses you.
A slime creature comes into view.
You slash the slime creature! You freeze the slime creature.
The slime creature is severely wounded.
Two slime creatures merge to form a large slime creature.
You block the slime creature's attack. The slime creature barely misses you.
You slash the slime creature! You freeze the slime creature.
The slime creature is almost dead.
Two slime creatures merge to form a very large slime creature.
A slime creature comes into view.
You slash the very large slime creature!
You freeze the very large slime creature.
The very large slime creature is moderately wounded.
Two slime creatures merge to form an enormous slime creature.
You slash the enormous slime creature! You freeze the enormous slime creature.
The enormous slime creature is moderately wounded.
A slime creature comes into view.
The enormous slime creature attacks as you move away!
The enormous slime creature hits you!!!
Ouch! That really hurt!
* * * LOW HITPOINT WARNING * * *
Two slime creatures merge to form a titanic slime creature.
You feel yourself speed up.
The titanic slime creature attacks as you move away!
The titanic slime creature hits you!!!
Ouch! That really hurt!
You die...

##############
#............#######
#..........#...?....
#.########.#........
#.#..}†..#.#........
#)#...†.^#.#.....###
#.#.####.#.#.###.#
#.#.# #.#.#.#...#
#.#@# #...#...###
#.#J# #.......####
#.#.##J#...#..###.##
#.#....#.#...>......
#.######.#.#........
#...............#.#.
#.#############.....
#...................
#########...........


You could see a titanic slime creature.

Vanquished Creatures
  Erica (D:8)
  2 boulder beetles
  5 two-headed ogres
  The ghost of Rwicked the Slicer, a novice VSBr of Dithmenos (D:8)
  Lodul (D:10)
  2 deep elf pyromancers
  A lindwurm (D:13)
  Pikel (D:6)
  A phantasmal warrior (D:13)
  2 cyclopes
  4 manticores
  2 unseen horrors
  2 gargoyles
  A kobold demonologist (D:11)
  6 trolls
  2 hornets
  Grinder (D:6)
  16 slime creatures
  3 shadows
  A wyvern (D:9)
  3 yaks (D:11)
  3 wraiths
  5 vampire mosquitoes
  Menkaure (D:6)
  Edmund (D:5)
  3 steam dragons
  5 water moccasins
  Duvessa (D:5)
  10 orc warriors
  2 sky beasts
  9 black bears
  An ice beast (D:8)
  11 ogres
  3 centaurs (D:10)
  5 kobold brigands
  2 phantoms
  5 bullfrogs
  A gnoll sergeant (D:11)
  6 scorpions
  Dowan (D:5)
  18 wights
  23 killer bees
  5 howler monkeys
  2 lava snakes (D:13)
  3 hounds
  4 jellies
  4 orc priests
  A gnoll bouda (D:7)
  2 sleepcaps
  7 iguanas
  Natasha (thrice) (D:3)
  8 orc wizards
  An ogre zombie (D:6)
  14 gnolls
  A gnoll zombie (D:6)
  An orc zombie (D:6)
  8 adders
  4 river rats (Sewer)
  2 shadow imps
  6 white imps
  An ufetubus (D:5)
  5 worms
  2 dart slugs (D:1)
  51 orcs
  10 bats
  10 endoplasms
  5 giant cockroaches
  14 goblins
  7 jackals
  23 kobolds
  3 quokkas
  19 ball pythons
  8 frilled lizards
  4 rats
  A spectral orc (D:8)
413 creatures vanquished.

Vanquished Creatures (others)
  An orc (D:7)
  27 fungi (D:8)
  17 plants (D:8)
45 creatures vanquished.

Grand Total: 458 creatures vanquished

Notes
Turn   | Place    | Note
-------+----------+-------------------------------------------
     0 | D:1      | Borgoz the Gargoyle Berserker began the quest for the Orb.
     0 | D:1      | Reached XP level 1. HP: 14/14 MP: 1/1
   239 | D:1      | Reached XP level 2. HP: 19/19 MP: 2/2
   378 | D:1      | Found a faded altar of an unknown god.
   446 | D:1      | Reached XP level 3. HP: 23/23 MP: 3/3
   474 | D:1      | Reached skill level 1 in Stealth
  1256 | D:2      | Reached ** piety under Trog
  1257 | D:2      | Reached XP level 4. HP: 29/29 MP: 4/4
  1854 | D:3      | Reached XP level 5. HP: 33/33 MP: 5/5
  1905 | D:3      | Found a radiant altar of Vehumet.
  2069 | D:3      | Found an ornate altar of the Wu Jian Council.
  2134 | D:3      | Found a sacrificial altar of Ru.
  2241 | D:3      | Identified the +8 long sword "Yblen" {freeze, rC+++ rN+
                  | Stlth-}
  2644 | D:4      | Noticed Natasha
  2652 | D:3      | Reached skill level 1 in Long Blades
  2652 | D:3      | Reached XP level 6. HP: 33/38 MP: 6/6
  2698 | D:3      | Killed Natasha
  2815 | D:4      | Reached *** piety under Trog
  2880 | D:4      | Reached skill level 2 in Long Blades
  3412 | D:3      | Noticed Natasha
  3418 | D:3      | Killed Natasha
  3547 | D:3      | Noticed Natasha
  3552 | D:3      | Killed Natasha
  3553 | D:3      | Reached XP level 7. HP: 44/44 MP: 7/7
  3724 | D:4      | Found Ceho's Jewellery Shoppe.
  3758 | D:4      | Reached skill level 5 in Fighting
  4019 | D:4      | Reached skill level 3 in Long Blades
  4034 | D:4      | Found Ighy's Magic Scroll Shoppe.
  4040 | D:4      | Bought a scroll of magic mapping for 105 gold pieces
  4040 | D:4      | Bought a scroll of identify for 28 gold pieces
  4040 | D:4      | Bought a scroll of identify for 28 gold pieces
  4040 | D:4      | Bought a scroll of teleportation for 42 gold pieces
  4129 | D:5      | Entered Level 5 of the Dungeon
  4142 | D:5      | Noticed Edmund
  4157 | D:5      | Killed Edmund
  4169 | D:5      | Reached XP level 8. HP: 31/50 MP: 8/8
  4256 | D:5      | Reached skill level 4 in Long Blades
  4308 | D:5      | Found a glowing golden altar of the Shining One.
  4367 | D:5      | Noticed Dowan
  4368 | D:5      | Noticed Duvessa
  4375 | D:5      | Killed Duvessa
  4378 | D:5      | Killed Dowan
  4384 | D:5      | Reached skill level 5 in Armour
  4504 | D:5      | Reached skill level 5 in Long Blades
  4623 | D:5      | Found a stormy altar of Qazlal.
  4762 | D:6      | Reached XP level 9. HP: 49/56 MP: 9/9
  4767 | D:6      | Reached **** piety under Trog
  4804 | D:6      | Found a shadowy altar of Dithmenos.
  4805 | D:6      | Found Quuckuox's Antique Weapon Boutique.
  4824 | D:6      | Found a transporter.
  4837 | D:6      | Noticed Grinder
  4839 | D:6      | Paralysed by Grinder for 3 turns
  4841 | D:6      | Noticed Pikel
  4851 | D:6      | Paralysed by Grinder for 2 turns
  4866 | D:6      | Killed Pikel
  4867 | D:6      | Reached skill level 6 in Long Blades
  4872 | D:6      | Killed Grinder
  4993 | D:6      | Found a glowing drain.
  5003 | Sewer    | Entered a sewer
  5600 | D:6      | Reached ***** piety under Trog
  5651 | D:6      | Noticed Menkaure
  5658 | D:6      | Killed Menkaure
  5660 | D:6      | Identified the +5 chain mail "Pibbi" {Rampage Dex+5}
  5676 | D:6      | Found a staircase to the Ecumenical Temple.
  5685 | Temple   | Entered the Ecumenical Temple
  5910 | D:6      | Reached skill level 5 in Dodging
  5984 | D:6      | Found a transporter.
  6048 | D:6      | Reached skill level 7 in Long Blades
  6239 | D:7      | Reached XP level 10. HP: 62/63 MP: 10/10
  6682 | D:7      | Noticed a cyclops
  6689 | D:7      | Killed a cyclops
  6690 | D:7      | Reached skill level 8 in Long Blades
  6690 | D:7      | Noticed an unseen horror
  6696 | D:7      | Killed an unseen horror
  6768 | D:7      | Noticed a deep elf pyromancer
  6782 | D:7      | Killed a deep elf pyromancer
  6783 | D:7      | Noticed a gargoyle
  6800 | D:7      | Killed a gargoyle
  6810 | D:7      | Identified the +7 plate armour "Rerchoitt" {Int+2 Stlth+}
  6994 | D:7      | Found an opulent altar of Gozag.
  7035 | D:7      | Reached XP level 11. HP: 69/69 MP: 11/11
  7039 | D:7      | Reached skill level 9 in Long Blades
  7668 | D:8      | Received a gift from Trog
  7695 | D:8      | Found a staircase to the Lair.
  7698 | D:8      | Noticed a two-headed ogre
  7709 | D:8      | Killed a two-headed ogre
  7896 | D:8      | Found a shimmering blue altar of Sif Muna.
  7955 | D:8      | Noticed Rwicked's ghost (novice VSBr)
  7968 | D:8      | Noticed Erica
  7979 | D:8      | HP: 2/71 [Erica/lance of force (29)]
  7982 | D:8      | Killed Erica
  8030 | D:8      | Found a basalt altar of Yredelemnul.
  8063 | D:8      | Found a transporter.
  8069 | D:8      | Found a transporter.
  8295 | D:8      | Killed Rwicked's ghost
  8296 | D:8      | Reached skill level 10 in Long Blades
  8359 | D:9      | Found Fimopta's Magic Scroll Shoppe.
  8399 | D:9      | Found a sparkling altar of Nemelex Xobeh.
  8474 | D:9      | Found a white marble altar of Elyvilon.
  8647 | D:9      | Noticed a two-headed ogre
  8659 | D:9      | Killed a two-headed ogre
  8930 | D:9      | Found an iron altar of Okawaru.
  8931 | D:9      | Found a bloodstained altar of Trog.
  9108 | D:9      | Found a broken altar of Ashenzari.
  9142 | D:10     | Entered Level 10 of the Dungeon
  9163 | D:10     | Reached XP level 12. HP: 77/77 MP: 12/12
  9164 | D:10     | Reached skill level 10 in Fighting
  9184 | D:10     | Found a snail-covered altar of Cheibriados.
  9248 | D:10     | Noticed Lodul
  9249 | D:10     | Found Dahiav's Armour Boutique.
  9249 | D:10     | Found a staircase to the Orcish Mines.
  9249 | D:10     | Found Ceikah's Weapon Boutique.
  9278 | D:10     | Noticed a two-headed ogre
  9480 | D:10     | Killed a two-headed ogre
  9506 | D:10     | Killed Lodul
  9507 | D:10     | Reached skill level 11 in Long Blades
  9538 | D:10     | Reached ****** piety under Trog
  9877 | D:10     | Bought the +2 pair of slick slippers {slick, slippery,
                  | EV+4} for 421 gold pieces
  9877 | D:10     | Found the +2 pair of slick slippers {slick, slippery, EV+4}
  9975 | D:10     | Found a hazy altar of Hepliaklqana.
 10436 | D:4      | Bought the ring "Recuu" {rCorr Dex+2 SInv} for 424 gold
                  | pieces
 10551 | D:9      | Bought a scroll of identify for 28 gold pieces
 10551 | D:9      | Bought a scroll of teleportation for 42 gold pieces
 10713 | D:11     | Reached skill level 10 in Armour
 11066 | D:11     | Noticed a soul eater
 11067 | D:11     | Gained mutation: You do not regenerate when monsters are
                  | visible. [a neqoxec]
 11107 | D:11     | Noticed a two-headed ogre
 11124 | D:11     | Killed a two-headed ogre
 11741 | D:12     | Reached skill level 12 in Long Blades
 11901 | D:12     | Noticed a boulder beetle
 11940 | D:12     | Killed a boulder beetle
 11941 | D:12     | Reached XP level 13. HP: 66/84 MP: 13/13
 12833 | D:13     | Received a gift from Trog
 12857 | D:13     | HP: 4/84 [enormous slime creature (53)]
 12861 | D:13     | Annihilated by a titanic slime creature

Illustrated notes

Levels and vault maps discovered:
D:1:      grunt_arrival_crossed_arrows, layout_basic,
          hellmonk_ecumenical_altar_lost_god, moated_statue
D:2:      layout_loops_ring, minmay_circle_x
D:3:      layout_basic, nzn_wu_jian_contemplation,
          nicolae_overflow_hidden_temple, mainiacjoe_overflow_tiny_flanked,
          kennysheep_nondescript
D:4:      layout_rooms, serial_shops, nicolae_shop_rolling_square,
          nicolae_shop_competitors_out_of_business, uniq_natasha
D:5:      layout_cave_pools, lemuel_round_altar, overflow_temple_1_default,
          uniq_edmund, uniq_duvessa
D:6:      gammafunk_cloud_chamber, layout_cave_pools,
          nicolae_dithmenos_the_darkroom, temple_hall, serial_shops, shop,
          portal_sewer_entry_d, minmay_fractal_squares_gapless_5, uniq_pikel,
          uniq_menkaure, uniq_grinder
D:7:      minmay_the_grid_octo_tiled_squarecenter
          [minmay_the_grid_octo_pinwheel, minmay_the_grid_octo_tetromino_candy,
          minmay_the_grid_octo_toaster, minmay_the_grid_octo_odd_swirl,
          minmay_the_grid_square_5x5_megaprize_diamond,
          minmay_the_grid_square_5x5_meh, minmay_the_grid_square_5x5_minimal,
          minmay_the_grid_square_5x5_hollow_slash,
          minmay_the_grid_square_5x5_eight_small], layout_cave_pods,
          mainiacjoe_overflow_chevrons
D:8:      layout_rooms, yredelemnul_forgotten_temple_becter,
          amcnicky_altar_gilded, due_lair_maze_entry_diamond,
          gammafunk_ghost_hive, uniq_erica
D:9:      layout_irregular_city, grunt_temple_overflow_bloody_war,
          mainiacjoe_overflow_surrounded_room, lemuel_coloured_pillars_altar,
          elyvilon_altar_1, serial_shops, nicolae_shop_tiny_glass
D:10:     layout_small_grid, chei_slow_surprise,
          worldfamousw_hep_ancestral_shrine, orc_david_3, uniq_lodul
D:11:     layout_irregular_city
D:12:     layout_basic
D:13:     layout_basic, david_vaults_4
Temple:   nicolae_temple_two_arcs

Skill      XL: |  1  2  3  4  5  6  7  8  9 10 11 12 13 |
---------------+----------------------------------------+-----
Stealth        | 1 2 3 |  3.0
Dodging        | 2 3 4 5 6 7 8 |  8.5
Fighting       | 4 5 6 7 8 9 11 | 11.5
Maces & Flails | 4 |  4.2
Armour         | 3 4 5 6 8 9 10 11 | 11.1
Long Blades    | 1 2 3 5 7 8 10 12 | 12.6

Action                     |  1- 3 |  4- 6 |  7- 9 | 10-12 | 13-15 || total
---------------------------+-------+-------+-------+-------+-------++-------
  Melee: Mace              |    96 |    70 |       |       |       ||   166
         Punch             |     1 |     1 |     2 |     4 |       ||     8
         Long sword        |       |    54 |   280 |   668 |    99 ||  1101
 Invoke: Berserk           |     2 |     1 |     3 |     3 |     2 ||    11
         Trog's Hand       |       |     1 |     2 |     2 |       ||     5
    Use: Scroll            |     4 |     5 |    11 |     5 |       ||    25
         Potion            |       |     1 |     1 |     3 |     1 ||     6
   Stab: Sleeping          |       |     1 |       |       |       ||     1
 Armour: Animal skin       |    35 |    12 |       |       |       ||    47
         Scale mail        |       |    48 |   127 |       |       ||   175
         Chain mail        |       |       |    20 |   223 |       ||   243
         Plate armour      |       |       |       |   121 |    41 ||   162
  Dodge: Dodged            |    60 |    63 |   176 |   339 |    64 ||   702
  Block: Other             |     4 |    31 |    77 |    73 |       ||   185
         Reflection        |       |       |     2 |    14 |     1 ||    17
         Buckler           |       |       |       |   232 |    38 ||   270
